 Dungeon Crawl Stone Soup version 0.22-a0-830-gf552829 (webtiles) character file.

792 BaronVonScrub the Ruffian (level 7, -8/67 HPs)
             Began as a Troll Monk on July 24, 2018.
             Was a Believer of Makhleb.
             Mangled by an orc
             ... wielding the +9 hand axe "Gram" {chop, rN++}
              (13 damage)
             ... on level 4 of the Dungeon.
             The game lasted 00:04:42 (2280 turns).

BaronVonScrub the Ruffian (Troll Monk)              Turns: 2280, Time: 00:04:42

Health: -8/67      AC:  7    Str: 22    XL:     7   Next: 57%
Magic:  6/6        EV: 11    Int:  6    God:    Makhleb [**....]
Gold:   112        SH:  0    Dex: 12    Spells: 6/6 levels left

rFire    + . .     SeeInvis .     - Unarmed
rCold    x . .     Gourm    +   (no shield)
rNeg     . . .     Faith    .   a - +0 robe
rPois    .         Spirit   .   (helmet restricted)
rElec    .         Reflect  .   n - +1 cloak
rCorr    .         Harm     .   (gloves unavailable)
MR       .....     Rnd*Tele +   (boots unavailable)
Stlth    ++........             (no amulet)
HPRegen  0.61/turn              p - ring of teleportation (curse)
MPRegen  0.10/turn              f - ring of fire

@: no status effects
A: large, unfitting armour, claws 3, fast metabolism 3, gourmand, regeneration
1, shaggy fur 1, tough skin 2
a: Minor Destruction, Renounce Religion


You were on level 4 of the Dungeon.
You worshipped Makhleb.
Makhleb was pleased with you.
You were full.

You visited 1 branch of the dungeon, and saw 4 of its levels.

You collected 112 gold pieces.

Inventory:

Armour
 a - a +0 robe (worn)
 n - a +1 cloak (worn)
Jewellery
 f - a ring of fire (right claw)
 h - an uncursed ring of flight
 j - a +3 ring of intelligence
 p - a cursed ring of teleportation (left claw)
Scrolls
 c - 2 scrolls of teleportation
 l - a scroll of amnesia {unknown}
 m - 5 scrolls of identify
Potions
 d - 3 potions of might
 e - a potion of flight
 g - 2 potions of magic
 i - a potion of ambrosia
 k - 3 potions of haste {unknown}
Comestibles
 b - 7 rations


   Skills:
 + Level 3.4 Fighting
 + Level 4.2 Dodging
 - Level 1.0 Stealth
 + Level 7.3 Unarmed Combat
 + Level 0.7 Invocations


You had 6 spell levels left.
You didn't know any spells.
Your spell library was empty.

Dungeon Overview and Level Annotations

Branches:
Dungeon (4/15)             Temple (0/1) D:4

Altars:
Kikubaaqudgha
Makhleb
Ru
Trog
Zin
Beogh


Innate Abilities, Weirdness & Mutations

You are too large for most types of armour.
You have claws for hands.
Your metabolism is lightning-fast.
You like to eat raw meat.
Your natural rate of healing is unusually fast.
You are covered in fur. (AC +1)
You have very tough skin. (AC +2)


Message History

Makhleb accepts your kill.
Your Unarmed Combat skill increases to level 7!
You have reached level 7!
The orc priest calls down the wrath of Beogh upon you.
Beogh smites you!
* * * LOW HITPOINT WARNING * * *
The orc closely misses you. The orc priest hits you with a dagger.
* * * LOW HITPOINT WARNING * * *
Items here: )) [[ † a morningstar; a ring mail; a war axe; a ring mail; an orc corpse You scratch the orc priest.
The orc priest is lightly wounded.
The orc priest hits you but does no damage.
The orc hits you but does no damage.
You barely miss the orc priest.
The orc priest is lightly wounded.
The orc priest hits you with a dagger.
* * * LOW HITPOINT WARNING * * *
The orc hits you with a crystal hand axe {chop}!
You die...

################
#####.........)....#
#.......##.#######.########
#.###.#.##.8....@oo......8#
#.##....##.######oo'#######
#.##.......#.....o.......#
#.##..#.#..#...!#####....#
#§≈
#..........#.###.....###.#
#≈≈
####.####.##.#8#..8..#8#.#
#≈§
#.......#.##.............#
#≈≈
..##.(.....#8....._[....8#
#≈≈ #.##.#.....### ### #≈≈


You could see an orc priest and 4 orcs.

Vanquished Creatures
  The ghost of BaronVonScrub the Insei, a novice DsMo (D:4)
  The ghost of douf the Firebug, an amateur DEFE (D:3)
  3 ogres (D:4)
  A hound (D:4)
  An iguana (D:4)
  Terence (D:2)
  A worker ant (D:4)
  An adder (D:3)
  An adder skeleton (D:4)
  A worm (D:4)
  A dart slug (D:2)
  2 leopard geckos
  3 orcs
  4 bats
  2 giant cockroaches
  4 goblins
  6 hobgoblins
  A ball python (D:1)
  5 kobolds
  4 rats
44 creatures vanquished.

Vanquished Creatures (others)
  A wizard (D:3)
1 creature vanquished.

Grand Total: 45 creatures vanquished

Notes
Turn   | Place    | Note
-------+----------+-------------------------------------------
     0 | D:1      | BaronVonScrub the Troll Monk began the quest for the Orb.
     0 | D:1      | Reached XP level 1. HP: 22/22 MP: 0/0
   148 | D:1      | Reached XP level 2. HP: 29/29 MP: 1/1
   625 | D:2      | Noticed Terence
   637 | D:2      | Killed Terence
   637 | D:2      | Reached XP level 3. HP: 22/36 MP: 2/2
   809 | D:2      | You fall through a shaft!
   952 | D:3      | Found a runed door.
   953 | D:3      | Noticed douf's ghost (amateur DEFE)
  1041 | D:3      | Reached XP level 4. HP: 44/44 MP: 3/3
  1183 | D:3      | Found a bloodstained altar of Trog.
  1184 | D:3      | Noticed a wizard
  1189 | D:3      | Killed a wizard
  1336 | D:3      | Killed douf's ghost
  1336 | D:3      | Reached skill level 4 in Unarmed Combat
  1336 | D:3      | Reached XP level 5. HP: 39/53 MP: 4/4
  1443 | D:4      | Noticed an ogre
  1450 | D:4      | Killed an ogre
  1450 | D:4      | Reached skill level 5 in Unarmed Combat
  1450 | D:4      | Reached XP level 6. HP: 41/61 MP: 5/5
  1529 | D:4      | Found a burning altar of Makhleb.
  1535 | D:4      | Found a glowing silver altar of Zin.
  1535 | D:4      | Noticed an angel
  1535 | D:4      | Noticed a green death
  1542 | D:4      | Became a worshipper of Makhleb the Destroyer
  1542 | D:4      | Reached * piety under Makhleb
  1542 | D:4      | Reached ** piety under Makhleb
  1680 | D:4      | Reached skill level 6 in Unarmed Combat
  1810 | D:4      | Found a runed gate.
  1818 | D:4      | Found a runed gate.
  1818 | D:4      | Found a runed gate.
  1893 | D:4      | Found an ancient bone altar of Kikubaaqudgha.
  1906 | D:4      | Found a staircase to the Ecumenical Temple.
  2097 | D:4      | Found a sacrificial altar of Ru.
  2239 | D:4      | Noticed BaronVonScrub's ghost (novice DsMo)
  2241 | D:4      | Found a roughly hewn altar of Beogh.
  2277 | D:4      | Killed BaronVonScrub's ghost
  2277 | D:4      | Reached skill level 7 in Unarmed Combat
  2277 | D:4      | Reached XP level 7. HP: 20/67 MP: 6/6
  2280 | D:4      | Identified the +9 hand axe "Gram" {chop, rN++}
  2280 | D:4      | Mangled by an orc

Vault maps used:
D:1:      minmay_arrival_nine_rooms
D:2:      first_ration, uniq_terence
D:3:      gammafunk_ghost_grave, trog_wizard
D:4:      cheibrodos_quashed, lemuel_doored_altar, nicolae_ru_path_of_blood,
          grunt_temple_overflow_order_and_chaos_2, minmay_temple_entry_poolview,
          biasface_ghost_orc_armoury, dk_rats_in_the_wall

Skill      XL: |  1  2  3  4  5  6 |
---------------+-------------------+-----
Dodging        | 3 4 |  4.2
Fighting       | 3 |  3.4
Unarmed Combat | 4 5 7 |  7.3
Stealth        | |  1.0
Invocations    | |  0.7

Action                   |  1- 3 |  4- 6 |  7- 9 || total
-------------------------+-------+-------+-------++-------
Melee: Unarmed           |    79 |    62 |     2 ||   143
       Punch             |     1 |       |       ||     1
Invok: Minor Destruction |       |     2 |       ||     2
  Use: Scroll            |     5 |     3 |       ||     8
       Potion            |     2 |     3 |       ||     5
 Stab: Sleeping          |     3 |     1 |       ||     4
  Eat: Chunk             |    15 |     8 |       ||    23
Armor: Robe              |    33 |     5 |     2 ||    40
Dodge: Dodged            |    52 |    29 |     1 ||    82

Table legend:
 A = Spawn XP
 B = Non-spawn XP
 C = Spawn XP percentage of total XP
 D = Spawn monster count
 E = Non-spawn monster count
 F = Spawn count percentage of total count
 G = Total turns spent on level
                    A         B        C        D         E        F      G
               +---------+---------+-------+---------+---------+-------+---------
         Total |       0 |    1132 |   0.0 |       0 |      44 |   0.0 |  2280
               +---------+---------+-------+---------+---------+-------+---------
           D:1 |       0 |      26 |   0.0 |       0 |      16 |   0.0 |   555
           D:2 |       0 |      44 |   0.0 |       0 |       5 |   0.0 |   254
           D:3 |       0 |     179 |   0.0 |       0 |      11 |   0.0 |   591
           D:4 |       0 |     883 |   0.0 |       0 |      12 |   0.0 |   880
               +---------+---------+-------+---------+---------+-------+---------
